 Dungeon Crawl Stone Soup version 0.26-a0-958-gf3041fb45f (webtiles) character file.

Game seed: 10487276102116926126

18042 PentaManta the Slinger (level 12, -14/85 HPs)
             Began as a Halfling Monk on Nov 30, 2020.
             Was a High Priest of Okawaru.
             Killed from afar by Azrael (24 damage)
             ... with damnation
             ... on level 11 of the Dungeon.
             The game lasted 00:39:48 (16839 turns).

PentaManta the Slinger (Halfling Monk)             Turns: 16839, Time: 00:39:49

Health: -14/85     AC: 22    Str: 16    XL:     12   Next: 90%
Magic:  12/12      EV: 32    Int:  8    God:    Okawaru [*****.]
Gold:   720        SH:  0    Dex: 21    Spells: 11/11 levels left

rFire    + . .     SeeInvis .   d - +1 hunting sling
rCold    + . .     Faith    .   (shield restricted)
rNeg     + . .     Spirit   .   J - +0 chain mail
rPois    .         Reflect  .   m - +2 hat
rElec    .         Harm     .   I - +2 cloak {rCorr}
rCorr    +         Rampage  +   T - +0 pair of gloves {Dex+3}
MR       +....                  X - +2 pair of boots {rampage}
Stlth    ..........             f - amulet of the acrobat
HPRegen  0.24/turn              b - ring of protection from magic
MPRegen  0.13/turn              O - ring "Benooqa" {Wiz rF+ rC+ rN+}

@: liquid flames, about to teleport, acrobat, glowing, studying Stealth
A: small, mutation resistance 1
a: Heroism, Finesse, Renounce Religion


You were on level 11 of the Dungeon.
You worshipped Okawaru.
Okawaru was extremely pleased with you.
You visited 4 branches of the dungeon, and saw 15 of its levels.

You collected 720 gold pieces.

Inventory:

Hand Weapons
 d - a +1 hunting sling (weapon)
 g - a +0 short sword of venom
 w - a +0 dagger of venom
 R - a +3 dagger
 S - a +0 short sword of speed
Missiles
 o - 184 stones
 x - 122 sling bullets (quivered)
 F - 68 poisoned darts
Armour
 l - a +0 buckler
 m - a +2 hat (worn)
 u - a +0 troll leather armour
 I - a +2 cloak of preservation (worn)
 J - a +0 chain mail (worn)
 T - a +0 pair of gloves of dexterity (worn)
 W - a +0 kite shield
 X - a +2 pair of boots of rampaging (worn)
Jewellery
 b - a ring of protection from magic (left hand)
 f - an amulet of the acrobat (around neck)
 n - an uncursed ring of see invisible
 y - an uncursed ring of flight
 C - an uncursed amulet of reflection
 O - the ring "Benooqa" (right hand) {Wiz rF+ rC+ rN+}
   (You found it on level 8 of the Dungeon)

   [ring of wizardry]

   It improves your spell success rate.
   It protects you from fire.
   It protects you from cold.
   It protects you from negative energy.
 P - an uncursed ring of poison resistance
 V - an uncursed amulet of regeneration
Wands
 a - a wand of paralysis (2)
 k - a wand of enslavement (18)
 A - a wand of flame (11)
 M - a wand of acid (9)
Scrolls
 c - 2 scrolls of blinking {unknown}
 p - 2 scrolls of vulnerability {unknown}
 r - a scroll of enchant armour
 z - 4 scrolls of magic mapping
 B - 5 scrolls of remove curse
 G - 5 scrolls of teleportation
Potions
 e - 5 potions of lignification
 i - 3 potions of cancellation
 j - 4 potions of curing
 s - 3 potions of attraction {unknown}
 t - a potion of heal wounds
 v - 2 potions of flight {unknown}
 D - 2 potions of berserk rage {unknown}
 H - a potion of degeneration {unknown}
 K - 2 potions of might
 L - 2 potions of invisibility {unknown}
Books
 h - a manual of Stealth


   Skills:
 * Level 9.1 Fighting
 - Level 3.6 Short Blades
 + Level 14.8 Slings
 * Level 11.0 Armour
 * Level 11.5 Dodging
 - Level 2.1 Stealth


You had 11 spell levels left.
You didn't know any spells.
Your spell library contained the following spells:

 Spells                   Type           Power        Failure   Level
 Corona                   Hex            #......      83%         1
 Freeze                   Ice            #...         83%         1
 Slow                     Hex            #.......     92%         2
 Confusing Touch          Hex            #.......     99%         3
 Frozen Ramparts          Ice            #.....       99%         3
 Gell's Gravitas          Tloc           #.........   99%         3
 Inner Flame              Hex/Fire       #.......     99%         3
 Ozocubu's Armour         Ice            #.......     99%         3
 Portal Projectile        Hex/Tloc       #.....       99%         3
 Cause Fear               Hex            #.........   100%        4
 Hailstorm                Conj/Ice       #.......     100%        4
 Leda's Liquefaction      Hex/Erth       #.........   100%        4
 Petrify                  Tmut/Erth      #.......     100%        4
 Summon Ice Beast         Ice/Summ       #.......     100%        4
 Metabolic Englaciation   Hex/Ice        #.........   100%        5
 Yara's Violent Unravell  Hex/Tmut       #.........   100%        5


Dungeon Overview and Level Annotations

Branches:
Dungeon (12/15)            Temple (1/1) D:4            Lair (1/6) D:9
    Orc (1/2) D:11

Altars:
Ashenzari
Cheibriados
Dithmenos
Elyvilon
Fedhas
Gozag
Hepliaklqana
Kikubaaqudgha
Nemelex Xobeh
Okawaru
Qazlal
Ru
Sif Muna
Uskayaw
Vehumet
Wu Jian
Xom
Yredelemnul
Zin
The Shining One
Beogh

Shops:
D:5 [   D:7 (   D:11 [

Annotations:
D:11 Azrael


Innate Abilities, Weirdness & Mutations

You are small and have problems with some larger weapons.
You are somewhat resistant to further mutation.


Message History

There is a stone staircase leading down here.
As you read the scroll of fog, it crumbles to dust.
The scroll dissolves into smoke.
Azrael hits you but does no damage. Azrael gestures at you.
The sticky flame misses you.
As you read the scroll of teleportation, it crumbles to dust.
You feel strangely unstable. Azrael gestures at you.
The sticky flame hits you but does no damage.
You are covered in liquid flames!
You feel much better.
You are covered in liquid flames!
Azrael gestures at you.
The sphere of damnation explodes!
The damnation engulfs you!!
* * * LOW HITPOINT WARNING * * *
You are covered in liquid flames!
* * * LOW HITPOINT WARNING * * *
Azrael gestures at you.
The sphere of damnation explodes!
The damnation engulfs you!!
You die...

.....).# #....)..# #..#
#..#. .(.....# #.......#
#..# #..#. .......#
#..[....# #..#####..#.
.......#
#.......####.........#.
.......#
#§§§§§.§.............#.
.......#
#§§§R§§.§.....#####....
.......# #§§§§.§§......#
#....
.......####§§###.§#####.#
#.... ...........§§# #@.#
#.# #.... .......#####.#
#..# #.# #.... .####..#
##.# #..# #.# #.... .#
#..# #..###..#####.#
#.... .# #..#
#.............# #.... .#
#..#
#.............#####....
.####..#
#.......####...........
.......# #...∩...#
#.........## .......#
#.......# #.........#.


You could see Azrael.

Vanquished Creatures
  A hydra (D:10)
  A boulder beetle (D:9)
  4 two-headed ogres
  An unseen horror (D:10)
  Pikel (D:4)
  An orc knight (D:11)
  An ugly thing (D:12)
  A gargoyle (D:11)
  A rime drake (Lair:1)
  2 trolls
  Grinder (D:6)
  2 hornets
  A shadow (D:12)
  A wraith (D:10)
  17 yaks
  Sigmund (D:6)
  A steam dragon (D:8)
  2 fire elementals (D:11)
  3 hell hounds (D:11)
  Duvessa (D:6)
  8 orc warriors
  A water moccasin (D:7)
  A hornet zombie (D:9)
  5 sky beasts
  A black bear (D:9)
  An eye of draining (D:9)
  7 ogres
  6 centaurs
  2 lemures (D:4)
  3 big kobolds
  7 bullfrogs
  A gnoll sergeant (D:10)
  Dowan (D:6)
  6 scorpions
  4 killer bees (D:10)
  3 howler monkeys
  17 wights
  3 lava snakes (D:9)
  A bullfrog zombie (D:11)
  10 orc priests
  6 hounds
  10 orc wizards
  Crazy Yiuf (D:5)
  2 bullfrog skeletons
  3 centaur skeletons
  Ijyb (D:4)
  11 worker ants
  5 iguanas
  A killer bee zombie (D:10)
  A hound skeleton (D:6)
  10 gnolls
  9 adders
  A shadow imp (D:10)
  3 white imps (D:9)
  An ufetubus (D:10)
  2 oozes
  An adder zombie (D:5)
  2 adder skeletons
  5 worms
  3 dart slugs
  4 leopard geckos
  62 orcs
  6 bats
  5 giant cockroaches
  3 goblins
  4 hobgoblins
  11 jackals
  15 kobolds
  3 quokkas
  A ball python (D:1)
  5 frilled lizards
  A leopard gecko skeleton (D:5)
  A quokka zombie (D:5)
  10 rats
341 creatures vanquished.

Vanquished Creatures (others)
  2 worker ants
2 creatures vanquished.

Grand Total: 343 creatures vanquished

Notes
Turn   | Place    | Note
-------+----------+-------------------------------------------
     0 | D:1      | PentaManta the Halfling Monk began the quest for the Orb.
     0 | D:1      | Reached XP level 1. HP: 15/15 MP: 1/1
   155 | D:1      | Reached XP level 2. HP: 20/20 MP: 2/2
   164 | D:1      | Reached skill level 1 in Armour
   332 | D:1      | Reached skill level 1 in Slings
   426 | D:1      | Reached skill level 2 in Slings
   426 | D:1      | Reached XP level 3. HP: 22/25 MP: 3/3
   700 | D:2      | Reached skill level 3 in Slings
   814 | D:2      | Reached XP level 4. HP: 30/30 MP: 4/4
   828 | D:2      | Reached skill level 4 in Slings
  1420 | D:2      | Reached skill level 5 in Slings
  1420 | D:2      | Reached XP level 5. HP: 32/36 MP: 5/5
  1787 | D:3      | Reached skill level 6 in Slings
  2493 | D:4      | Noticed Ijyb
  2509 | D:4      | Killed Ijyb
  2510 | D:4      | Reached skill level 7 in Slings
  2510 | D:4      | Reached XP level 6. HP: 41/41 MP: 6/6
  2760 | D:4      | Noticed Pikel
  2796 | D:4      | Killed Pikel
  2797 | D:4      | Reached skill level 10 in Slings
  2797 | D:4      | Reached XP level 7. HP: 16/45 MP: 7/7
  3010 | D:4      | Found a staircase to the Ecumenical Temple.
  3083 | D:4      | Reached skill level 11 in Slings
  3234 | D:4      | Found a sacrificial altar of Ru.
  3239 | D:4      | Found a white marble altar of Elyvilon.
  3267 | D:4      | Reached XP level 8. HP: 49/51 MP: 8/8
  3915 | D:4      | Reached skill level 12 in Slings
  4317 | Temple   | Entered the Ecumenical Temple
  4446 | Temple   | Became a worshipper of Warmaster Okawaru
  4446 | Temple   | Reached * piety under Okawaru
  4446 | Temple   | Reached ** piety under Okawaru
  4500 | D:5      | Entered Level 5 of the Dungeon
  4841 | D:5      | Found a runed translucent door.
  4842 | D:5      | Noticed Crazy Yiuf
  4943 | D:5      | Killed Crazy Yiuf
  4999 | D:5      | Found Anam's Antique Armour Shop.
  5448 | D:6      | Reached XP level 9. HP: 55/58 MP: 9/9
  5505 | D:6      | Reached skill level 5 in Dodging
  5751 | D:6      | Noticed a two-headed ogre
  5776 | D:6      | Killed a two-headed ogre
  5776 | D:6      | Reached *** piety under Okawaru
  5777 | D:6      | Reached skill level 5 in Fighting
  5777 | D:6      | Reached skill level 5 in Armour
  6116 | D:6      | Noticed Grinder
  6118 | D:6      | Noticed Duvessa
  6123 | D:6      | Noticed Dowan
  6133 | D:6      | Killed Grinder
  6141 | D:6      | Killed Duvessa
  6141 | D:6      | Received a gift from Okawaru
  6142 | D:6      | Reached XP level 10. HP: 47/68 MP: 10/10
  6263 | D:6      | Killed Dowan
  6596 | D:6      | Noticed Sigmund
  6604 | D:6      | Killed Sigmund
  7456 | D:7      | Found Zasef's Weapon Boutique.
  7624 | D:7      | Reached **** piety under Okawaru
  8042 | D:8      | Found a radiant altar of Vehumet.
  8145 | D:8      | Received a gift from Okawaru
  8199 | D:8      | Got a smoking glass ring
  8384 | D:8      | Identified the ring "Benooqa" {Wiz rF+ rC+ rN+} (You found
                  | it on level 8 of the Dungeon)
  8719 | D:8      | Received a gift from Okawaru
  8803 | D:8      | Found a shimmering altar of Xom.
  8997 | D:8      | Found a roughly hewn altar of Beogh.
  9315 | D:8      | Found a broken altar of Ashenzari.
  9315 | D:8      | Found a sparkling altar of Nemelex Xobeh.
  9486 | D:9      | Received a gift from Okawaru
  9567 | D:9      | Noticed a two-headed ogre
  9601 | D:9      | Killed a two-headed ogre
  9602 | D:9      | Reached skill level 13 in Slings
  9602 | D:9      | Reached XP level 11. HP: 65/75 MP: 11/11
  9991 | D:9      | Noticed a two-headed ogre
 10028 | D:9      | Killed a two-headed ogre
 10028 | D:9      | Reached ***** piety under Okawaru
 10028 | D:9      | Received a gift from Okawaru
 10229 | D:9      | Noticed a boulder beetle
 10246 | D:9      | Killed a boulder beetle
 10246 | D:9      | Received a gift from Okawaru
 10500 | D:9      | Found a staircase to the Lair.
 10538 | Lair:1   | Entered Level 1 of the Lair of Beasts
 11113 | D:9      | Found a glowing golden altar of the Shining One.
 11556 | D:8      | Reached skill level 14 in Slings
 11556 | D:8      | Reached skill level 10 in Dodging
 12023 | D:10     | Entered Level 10 of the Dungeon
 13042 | D:10     | Reached XP level 12. HP: 82/82 MP: 12/12
 13325 | D:10     | Noticed a two-headed ogre
 13348 | D:10     | Killed a two-headed ogre
 13349 | D:10     | Reached skill level 10 in Armour
 13373 | D:10     | Noticed a four-headed hydra
 13405 | D:10     | Killed a four-headed hydra
 13651 | D:10     | Noticed an unseen horror
 13671 | D:10     | Killed an unseen horror
 13671 | D:10     | Received a gift from Okawaru
 13690 | D:10     | Identified a scroll of acquirement
 13690 | D:10     | Acquired a manual of Stealth
 14175 | D:11     | Found a stormy altar of Qazlal.
 14340 | D:11     | Found a staircase to the Orcish Mines.
 14442 | D:11     | Found Kuqe Nuaz's Armour Shop.
 15496 | Orc:1    | Entered Level 1 of the Orcish Mines
 16128 | D:12     | Noticed Azrael
 16839 | D:11     | Killed from afar by Azrael

Illustrated notes

Levels and vault maps discovered:
D:1:      dpeg_arrival_round_a, layout_rooms
D:2:      layout_loops_cross
D:3:      layout_loops_ring
D:4:      layout_gridville, grunt_temple_overflow_open,
          minmay_temple_entry_enclosed_plants,
          minmay_fractal_squares_diagonal_5, uniq_ijyb, uniq_pikel
D:5:      layout_loops_ring, serial_shops, shop, uniq_crazy_yiuf_cottage
D:6:      layout_basic, uniq_sigmund, uniq_grinder, uniq_duvessa
D:7:      layout_basic, serial_shops, shop
D:8:      layout_cave_pools, nicolae_overflow_hidden_temple, basic_altar,
          special_room [special_room_orc], chequers_serial_rivers_micro_c
D:9:      layout_big_octagon, lair_entry_dummy, basic_altar
D:10:     layout_irregular_city, grunt_ministairs_10
D:11:     layout_long_grid, orc_david_3, grunt_qazlal_clouds
D:12:     layout_gridville, uniq_azrael
Temple:   regret_index_temple_waves
Lair:1:   minmay_lair_oklob_tunnel, layout_loops_ring, uniq_fannar
Orc:1:    layout_diamond_mine, serial_shops, shop, elves_outpost_lemuel

Skill      XL: |  1  2  3  4  5  6  7  8  9 10 11 12 |
---------------+-------------------------------------+-----
Armour         | 1 3 5 8 9 11 | 11.0
Slings         | 2 3 5 7 10 11 12 13 14 | 14.8
Fighting       | 4 5 7 9 |  9.1
Dodging        | 4 7 9 10 11 | 11.5
Short Blades   | |  3.6
Stealth        | |  2.1

Action                   |  1- 3 |  4- 6 |  7- 9 | 10-12 || total
-------------------------+-------+-------+-------+-------++-------
Melee: Short sword       |    50 |    20 |    63 |   813 ||   946
       Hunting sling     |       |       |       |     1 ||     1
 Fire: Hunting sling     |    44 |   278 |   333 |   922 ||  1577
Throw: Dart              |       |       |     4 |    20 ||    24
       Stone             |       |       |       |     2 ||     2
  Use: Scroll            |       |     5 |       |    12 ||    17
       Potion            |       |       |       |     3 ||     3
 Stab: Sleeping          |     1 |       |       |       ||     1
Armor: Ring mail         |    13 |    12 |       |       ||    25
       Scale mail        |       |    23 |    45 |       ||    68
       Chain mail        |       |       |    13 |   439 ||   452
Dodge: Dodged            |    80 |   104 |    96 |   887 ||  1167

Table legend: (Time is in decaauts)
 A = Elapsed time spent in this place.
 B = Non-inter-level travel time spent in this place.
 C = Inter-level travel time spent in this place.
 D = Time resting spent in this place.
 E = Time spent auto-exploring this place.
 F = Levels seen in this place.
 G = Mean time per level.
                   A        B        C        D        E       F      G
               +--------+--------+--------+--------+--------+-----+--------+
         Total |  16224 |  15729 |    495 |   2604 |   9451 |  15 | 1081.6 |
       Dungeon |  15844 |  15372 |    472 |   2398 |   9333 |  12 | 1320.3 |
        Temple |    143 |    120 |     23 |      0 |    118 |   1 |  143.0 |
          Lair |    234 |    234 |      0 |    206 |      0 |   1 |  234.0 |
  Orcish Mines |      1 |      1 |      0 |      0 |      0 |   1 |    1.0 |
               +--------+--------+--------+--------+--------+-----+--------+

Top non-repeatable levels by time:
    D:11: 2112 daAuts
     D:8: 1887 daAuts
     D:4: 1803 daAuts
    D:10: 1635 daAuts
     D:9: 1604 daAuts
     D:6: 1478 daAuts
     D:7: 1220 daAuts
     D:3: 991 daAuts
     D:5: 958 daAuts
     D:2: 831 daAuts
     D:1: 684 daAuts
    D:12: 637 daAuts
  Lair:1: 234 daAuts
  Temple: 143 daAuts
   Orc:1: 1 daAuts
